 Dungeon Crawl Stone Soup version 0.28.0 (webtiles) character file.

Game seed: 4066001676991900951

590 crazypyro the Skirmisher (level 7, -4/76 HPs)
             Began as an Ogre Hunter on Feb 4, 2022.
             Slain by Sigmund (11 damage)
             ... on level 4 of the Dungeon.
             The game lasted 00:06:02 (4454 turns).

crazypyro the Skirmisher (Ogre Hunter)              Turns: 4454, Time: 00:06:03

Health: -4/76      AC:  6    Str: 19    XL:     7   Next: 38%
Magic:  7/7        EV: 10    Int: 12    God:
Gold:   184        SH:  0    Dex:  9    Spells: 6/6 levels left

rFire   . . .      SeeInvis .   u - +0 giant club
rCold   . . .      Faith    .   (shield currently unavailable)
rNeg    . . .      Spirit   .   r - +0 steam dragon scales
rPois   .          Reflect  .   (helmet restricted)
rElec   .          Harm     .   (no cloak)
rCorr   .          Rampage  .   (gloves unavailable)
Will    .....                   (boots unavailable)
Stlth   +.........              (no amulet)
HPRegen 0.22/turn               (no ring)
MPRegen 0.10/turn               (no ring)

@: attractive
A: large, unfitting armour, tough skin 1
a: no special abilities


You were on level 4 of the Dungeon.
You visited 1 branch of the dungeon, and saw 4 of its levels.

You collected 184 gold pieces.

Inventory:

Hand Weapons
 a - a +0 short sword
 i - a +0 whip
 l - a +0 flail
 u - a +0 giant club (weapon)
Missiles
 d - 2 throwing nets (quivered)
Armour
 b - a +0 robe
 r - +0 steam dragon scales (worn)
Jewellery
 n - a ring of flight
Wands
 k - a wand of polymorph (6)
Scrolls
 f - a scroll of fog {unknown}
 p - a scroll of amnesia {unknown}
 q - a scroll of blinking {unknown}
Potions
 e - a potion of ambrosia {unknown}
 g - a potion of curing {unknown}
 h - a potion of flight {unknown}
 j - a potion of attraction
 m - a potion of haste {unknown}
 o - a potion of degeneration {unknown}
 s - a potion of cancellation {unknown}
 t - a potion of might {unknown}


   Skills:
 + Level 6.3 Fighting
 + Level 3.6 Maces & Flails
 - Level 4.1 Throwing
 + Level 4.3 Dodging
 - Level 0.9 Stealth


You had 6 spell levels left.
You didn't know any spells.
Your spell library contained the following spells:

 Spells                   Type           Power      Damage    Failure   Level
 Blink                    Tloc           0%         N/A       45%         2
 Lesser Beckoning         Tloc           0%         N/A       69%         3
 Manifold Assault         Tloc           0%         N/A       100%        5


Dungeon Overview and Level Annotations

Branches:
Dungeon (4/15)
 Temple: D:4-7

Altars:
Fedhas
Wu Jian

Shops:
D:1 ?

Annotations:
D:3 exclusion: oklob plant
D:4 Sigmund


Innate Abilities, Weirdness & Mutations

You are too large for most types of armour.
You have tough skin. (AC +1)


Message History

c - 2 large rocks Sigmund the Dreaded comes into view.
He is wielding a +0 scythe.
Sigmund shouts!
Sigmund gestures at you while chanting. The puff of flame hits you!
You throw a large rock. The large rock hits Sigmund!
Sigmund is heavily wounded.
Sigmund breathes a few words.
Sigmund's hands start flickering wildly.
You throw a large rock. The large rock hits Sigmund.
Sigmund is severely wounded.
Sigmund casts a spell.
Sigmund flickers and vanishes!
Deactivating autopickup; reactivate with Ctrl-A.
No target in view!
A magic dart appears from out of thin air!
The magic dart hits you!
You hear some strange, mumbled words.
A puff of flame appears from out of thin air!
The puff of flame hits you.
You hear some strange, mumbled words.
A puff of flame appears from out of thin air!
The puff of flame hits you!
You closely miss something. Something hits you but does no damage.
You miss something. Something hits you!
You barely miss something. Something hits you.
You miss something. Something hits you!
You closely miss something.
You hear some strange, mumbled words.
A magic dart appears from out of thin air!
The magic dart hits you.
You closely miss something. Something hits you.
You miss something. Something hits you!
* * * LOW HITPOINT WARNING * * *
It was a potion of attraction.
You feel attractive to monsters. Something hits you!
* * * LOW HITPOINT WARNING * * *
You closely miss something. Something hits you!
You die...

######..## .... #
####.[###..##
..#...........#
..#...........#
..#...........#
#.#...........#
###...###...#####
#######.......##+##
#........@{(..#
#......#.....(#
##.#########..# ###
##


There were no monsters in sight!

Vanquished Creatures
  A steam dragon (D:4)
  An ogre (D:4)
  A howler monkey (D:4)
  2 hounds (D:4)
  An orc priest (D:4)
  Natasha (thrice) (D:2)
  2 orc wizards
  Robin (D:2)
  A gnoll (D:2)
  2 adders
  A worm (D:2)
  5 dart slugs
  10 orcs
  2 endoplasms
  4 giant cockroaches
  11 goblins
  7 hobgoblins
  2 jackals (D:2)
  A quokka (D:2)
  4 ball pythons
  6 bats
  A frilled lizard (D:2)
  3 kobolds
  2 rats
74 creatures vanquished.

Notes
Turn   | Place    | Note
-------+----------+-------------------------------------------
     0 | D:1      | crazypyro the Ogre Hunter began the quest for the Orb.
     0 | D:1      | Reached XP level 1. HP: 22/22 MP: 1/1
   348 | D:1      | Reached XP level 2. HP: 29/29 MP: 2/2
   614 | D:1      | Found Ruch's Magic Scroll Shoppe.
   919 | D:2      | Reached skill level 3 in Fighting
   981 | D:2      | Noticed Natasha
   984 | D:2      | Killed Natasha
   985 | D:2      | Reached skill level 1 in Maces & Flails
   985 | D:2      | Reached XP level 3. HP: 33/37 MP: 3/3
  1057 | D:2      | Noticed Natasha
  1058 | D:2      | Killed Natasha
  1059 | D:2      | Reached XP level 4. HP: 48/48 MP: 4/4
  1167 | D:2      | Found an ornate altar of the Wu Jian Council.
  1417 | D:2      | Reached skill level 4 in Fighting
  1460 | D:2      | HP: 2/48 [poisoned by an adder]
  1601 | D:2      | Noticed Natasha
  1765 | D:2      | Killed Natasha
  1879 | D:2      | Found a faded altar of an unknown god.
  2041 | D:2      | Reached XP level 5. HP: 54/54 MP: 5/5
  2248 | D:2      | Noticed Robin
  2517 | D:2      | Killed Robin
  3349 | D:3      | Found a blossoming altar of Fedhas.
  3371 | D:3      | Noticed an oklob plant
  3744 | D:4      | Reached skill level 5 in Fighting
  3744 | D:4      | Reached XP level 6. HP: 66/66 MP: 6/6
  3816 | D:4      | Noticed a steam dragon
  3820 | D:4      | Killed a steam dragon
  4099 | D:4      | Reached skill level 6 in Fighting
  4099 | D:4      | Reached XP level 7. HP: 75/75 MP: 7/7
  4440 | D:4      | Noticed Sigmund
  4454 | D:4      | Slain by Sigmund

Illustrated notes

Levels and vault maps discovered:
D:1:      dpeg_arrival_rooms_a, layout_loops_ring, serial_shops, shop
D:2:      layout_loops_corners, chequers_ecumenical_altar_simple_redux,
          basic_altar, cheibrodos_gnoll_hut, uniq_natasha, uniq_robin
D:3:      layout_basic, tgw_fedhas, minmay_misc_feat_square
D:4:      layout_gridville, kennysheep_generic_room_13, uniq_grinder,
          uniq_sigmund

Skill      XL: |  1  2  3  4  5  6 |
---------------+-------------------+-----
Dodging        | 2 3 4 |  4.3
Fighting       | 3 4 5 6 |  6.3
Maces & Flails | 1 2 3 |  3.6
Throwing       | |  4.1
Stealth        | |  0.9

Action                   |  1- 3 |  4- 6 |  7- 9 || total
-------------------------+-------+-------+-------++-------
Melee: Short sword       |     7 |       |       ||     7
       Whip              |       |    78 |       ||    78
       Punch             |       |     2 |       ||     2
       Flail             |       |    74 |       ||    74
       Giant club        |       |       |    36 ||    36
Throw: Large rock        |    23 |    44 |     4 ||    71
       Throwing net      |       |     2 |       ||     2
  Use: Potion            |       |       |     1 ||     1
Armor: Robe              |     2 |    41 |       ||    43
       Skin              |       |    27 |       ||    27
       Steam dragon scal |       |    16 |    14 ||    30
Dodge: Dodged            |     4 |    81 |    14 ||    99
